CAL
LAKE ELSINORE STORM @ SAN JOSE GIANTS
07/26/2099
 
TOP OF THE 1ST
Lake Elsinore Storm batting - Pitching for San Jose Giants : LHP Junior Elling
Pitching: LHP Junior Elling
Batting: LHB Jim Ponce 0-0: Called Strike
0-1: Foul Ball, location: 2F
0-2: Foul Ball, location: 2F
0-2: Ball
1-2: Strikes out swinging
Batting: RHB Ryan Perovic 0-0: Called Strike
0-1: Fly out, F9 (Line Drive, 9, EV 97.5 MPH)
Batting: SHB Nate Clark 0-0: Ball
1-0: Ball
2-0: Called Strike
2-1: Ball
3-1: Base on Balls
Batting: RHB Josh Peek 0-0: Called Strike
0-1: Foul Ball, location: 3F
0-2: Ball
1-2: Strikes out swinging
Top of the 1st over - 0 runs, 0 hits, 0 errors, 1 left on base; Lake Elsinore 0 - San Jose 0
BOTTOM OF THE 1ST
San Jose Giants batting - Pitching for Lake Elsinore Storm : LHP Justin Hickman
Pitching: LHP Justin Hickman
Batting: RHB William Rodriguez 0-0: Ball
1-0: Swinging Strike
1-1: Ball
2-1: Swinging Strike
2-2: SINGLE (Line Drive, 6M, EV 94.4 MPH)
Batting: SHB Bryan Edwards 0-0: Ball
1-0: Called Strike
William Rodriguez steals 2nd base
1-1: Foul Ball, location: 9LDF
1-2: Foul Ball, location: 2F
1-2: Ball
2-2: Foul Ball, location: 9LSF
2-2: Fly out, F9 (Flyball, 9S, EV 93.8 MPH)
Batting: LHB Justin Johnson 0-0: Called Strike
0-1: Called Strike
0-2: Ball
1-2: Ball
2-2: Foul Ball, location: 2F
2-2: Fly out, F9 (Line Drive, 89M, EV 106.9 MPH)
Batting: RHB Jonathan Rosario 0-0: Ball
1-0: Ball
2-0: Ball
3-0: Single, Error in OF, E9, batter to second base (Line Drive, 89S, EV 100.0 MPH)
William Rodriguez scores
Batting: LHB Jeff Reed 0-0: Called Strike
0-1: SINGLE (Line Drive, 78S, EV 107.5 MPH)
Jonathan Rosario to third
Runner from 3rd tries for Home, SAFE, throw by CF to home
Batting: RHB Jonathan Marrazzo 0-0: Foul Ball, location: 9LSF
0-1: Foul Ball, location: 9LSF
0-2: Strikes out swinging
Bottom of the 1st over - 2 runs, 3 hits, 1 error, 1 left on base; Lake Elsinore 0 - San Jose 2
TOP OF THE 2ND
Lake Elsinore Storm batting - Pitching for San Jose Giants : LHP Junior Elling
Batting: LHB Ryan Alger 0-0: Ball
1-0: Called Strike
1-1: Ball
2-1: SINGLE (Line Drive, 3D, EV 105.6 MPH)
Batting: LHB Scott Parks 0-0: Grounds into double play, 6-4-3 (Groundball, 6, EV 103.8 MPH)
Batting: RHB Rodger Kerkhof 0-0: Called Strike
0-1: Foul Ball, location: 2F
0-2: Ball
1-2: Strikes out swinging
Top of the 2nd over - 0 runs, 1 hit, 0 errors, 0 left on base; Lake Elsinore 0 - San Jose 2
BOTTOM OF THE 2ND
San Jose Giants batting - Pitching for Lake Elsinore Storm : LHP Justin Hickman
Batting: RHB Campbell Ball 0-0: Swinging Strike
0-1: Ball
1-1: Foul Ball, location: 5F
1-2: SINGLE (Groundball, 2R, EV 70.6 MPH) (infield hit)
Batting: RHB John Epley 0-0: SINGLE (Line Drive, 8RS, EV 109.4 MPH)
Campbell Ball to second
Batting: RHB Robby Preciado 0-0: Fly out, F8 (Flyball, 78M, EV 93.1 MPH)
Batting: RHB William Rodriguez 0-0: Ball
1-0: Called Strike
1-1: Ball
2-1: Ball
3-1: Base on Balls
Campbell Ball to third
John Epley to second
Batting: SHB Bryan Edwards 0-0: Foul Ball, location: 2F
0-1: Called Strike
0-2: Grounds into double play, 6-4-3 (Groundball, 6S, EV 83.1 MPH)
Bottom of the 2nd over - 0 runs, 2 hits, 0 errors, 2 left on base; Lake Elsinore 0 - San Jose 2
TOP OF THE 3RD
Lake Elsinore Storm batting - Pitching for San Jose Giants : LHP Junior Elling
Batting: RHB Tony Martin 0-0: Ball
1-0: Foul Ball, location: 2F
1-1: Swinging Strike
1-2: Ball
2-2: Foul Ball, location: 9LDF
2-2: Ball
3-2: Strikes out swinging
Batting: RHB Kyle Nastasi 0-0: Called Strike
0-1: Ball
1-1: Called Strike
1-2: Strikes out swinging
Batting: LHB Jim Ponce 0-0: Ball
1-0: Ground out 4-3 (Groundball, 4, EV 92.5 MPH)
Top of the 3rd over - 0 runs, 0 hits, 0 errors, 0 left on base; Lake Elsinore 0 - San Jose 2
BOTTOM OF THE 3RD
San Jose Giants batting - Pitching for Lake Elsinore Storm : LHP Justin Hickman
Batting: LHB Justin Johnson 0-0: SINGLE (Groundball, 4MD, EV 100.6 MPH)
Batting: RHB Jonathan Rosario 0-0: Foul Ball, location: 3FF
0-1: Swinging Strike
0-2: Ball
1-2: Strikes out looking
Batting: LHB Jeff Reed 0-0: DOUBLE (Flyball, 89XD, EV 103.8 MPH)
Justin Johnson to third
Runner from 3rd tries for Home, SAFE, throw by RF to home
Batting: RHB Jonathan Marrazzo 0-0: Ball
1-0: Called Strike
1-1: Ball
2-1: Called Strike
2-2: Foul Ball, location: 5SF
2-2: DOUBLE (Line Drive, 7LS, EV 95.6 MPH)
Jeff Reed scores
Pitching: LHP Jamel Johnson
Batting: RHB Campbell Ball 0-0: Ground out U3 (Groundball, 3S, EV 83.1 MPH)
Jonathan Marrazzo to third
Batting: RHB John Epley 0-0: Swinging Strike
0-1: Called Strike
0-2: SINGLE (Groundball, 56D, EV 101.9 MPH)
Jonathan Marrazzo scores
Batting: RHB Robby Preciado 0-0: Ball
1-0: Called Strike
1-1: Swinging Strike
1-2: Ball
2-2: Foul Ball, location: 9LMF
2-2: Ball
3-2: Fly out, F8 (Flyball, 8LD, EV 103.8 MPH)
Bottom of the 3rd over - 3 runs, 4 hits, 0 errors, 1 left on base; Lake Elsinore 0 - San Jose 5
TOP OF THE 4TH
Lake Elsinore Storm batting - Pitching for San Jose Giants : LHP Junior Elling
Batting: RHB Ryan Perovic 0-0: Foul Ball, location: 9LMF
0-1: Fly out, F2 (Popup, 23F, EV 91.9 MPH)
Batting: SHB Nate Clark 0-0: Ball
1-0: Called Strike
1-1: Ball
2-1: Foul Ball, location: 3F
2-2: Foul Ball, location: 9LSF
2-2: Foul Ball, location: 5FF
2-2: Ground out 5-3 (Groundball, 56, EV 78.8 MPH)
Batting: RHB Josh Peek 0-0: Called Strike
0-1: DOUBLE (Flyball, 7LD, EV 101.3 MPH)
Batting: LHB Ryan Alger 0-0: Ball
1-0: Reached on error, E9 (Flyball, 89M, EV 96.3 MPH)
Josh Peek scores
Batting: LHB Scott Parks 0-0: Ball
1-0: Called Strike
1-1: Called Strike
1-2: Ball
2-2: Ground out 4-3 (Groundball, 4M, EV 105.0 MPH)
Top of the 4th over - 1 run, 1 hit, 1 error, 1 left on base; Lake Elsinore 1 - San Jose 5
BOTTOM OF THE 4TH
San Jose Giants batting - Pitching for Lake Elsinore Storm : LHP Jamel Johnson
Batting: RHB William Rodriguez 0-0: Ball
1-0: Ground out 4-3 (Groundball, 4, EV 91.9 MPH)
Batting: SHB Bryan Edwards 0-0: Ball
1-0: Swinging Strike
1-1: Swinging Strike
1-2: Ball
2-2: SINGLE (Groundball, 6MD, EV 106.9 MPH)
Batting: LHB Justin Johnson 0-0: Called Strike
0-1: Ball
1-1: Ball
2-1: Swinging Strike
2-2: Ball
3-2: Base on Balls
Bryan Edwards to second
Batting: RHB Jonathan Rosario 0-0: Fly out, F9 (Flyball, 9S, EV 91.3 MPH)
Batting: LHB Jeff Reed 0-0: Ball
1-0: Ball
2-0: Called Strike
2-1: Foul Ball, location: 7LDF
2-2: Ball
3-2: Strikes out swinging
Bottom of the 4th over - 0 runs, 1 hit, 0 errors, 2 left on base; Lake Elsinore 1 - San Jose 5
TOP OF THE 5TH
Lake Elsinore Storm batting - Pitching for San Jose Giants : LHP Junior Elling
Batting: RHB Rodger Kerkhof 0-0: Fly out, F7 (Flyball, 7S, EV 82.5 MPH)
Batting: RHB Tony Martin 0-0: Ball
1-0: Ball
2-0: Foul Ball, location: 2F
2-1: Called Strike
2-2: Foul Ball, location: 2F
2-2: Foul Ball, location: 23F
2-2: Strikes out looking
Batting: RHB Kyle Nastasi 0-0: Called Strike
0-1: Foul Ball, location: 2F
0-2: Ball
1-2: Ball
2-2: Strikes out swinging, 2-3 out at first.
Top of the 5th over - 0 runs, 0 hits, 0 errors, 0 left on base; Lake Elsinore 1 - San Jose 5
BOTTOM OF THE 5TH
San Jose Giants batting - Pitching for Lake Elsinore Storm : LHP Jamel Johnson
Batting: RHB Jonathan Marrazzo 0-0: Ball
1-0: Ball
2-0: Called Strike
2-1: Ball
3-1: Base on Balls
Batting: RHB Campbell Ball 0-0: Called Strike
0-1: Ball
1-1: Swinging Strike
1-2: Strikes out swinging
Batting: RHB John Epley 0-0: Called Strike
0-1: Ball
1-1: Foul Ball, location: 3F
1-2: Fielders Choice at 2nd, 6-4 (Groundball, 6MD, EV 105.0 MPH)
Batting: RHB Robby Preciado 0-0: Called Strike
0-1: SINGLE (Line Drive, 89M, EV 108.1 MPH)
John Epley to second
Batting: RHB William Rodriguez 0-0: Ball
1-0: Fly out, F4 (Popup, 34, EV 59.4 MPH)
Bottom of the 5th over - 0 runs, 1 hit, 0 errors, 2 left on base; Lake Elsinore 1 - San Jose 5
TOP OF THE 6TH
Lake Elsinore Storm batting - Pitching for San Jose Giants : LHP Junior Elling
Batting: LHB Jim Ponce 0-0: Ball
1-0: Called Strike
1-1: Called Strike
1-2: Foul Ball, location: 3SF
1-2: Ball
2-2: Ball
3-2: Reached on error, E3 (Groundball, 3, EV 108.8 MPH)
Batting: RHB Ryan Perovic 0-0: Ball
1-0: Foul Ball, location: 9LSF
1-1: Foul Ball, location: 7LDF
1-2: Ball
2-2: Strikes out swinging
Batting: SHB Nate Clark 0-0: Ball
1-0: Grounds into double play, 4-6-3 (Groundball, 4S, EV 80.6 MPH)
Top of the 6th over - 0 runs, 0 hits, 1 error, 0 left on base; Lake Elsinore 1 - San Jose 5
BOTTOM OF THE 6TH
San Jose Giants batting - Pitching for Lake Elsinore Storm : LHP Jamel Johnson
Pitching: RHP Jim Broyles
Batting: SHB Bryan Edwards 0-0: Ball
1-0: Called Strike
1-1: Swinging Strike
1-2: Ball
2-2: Strikes out looking
Batting: LHB Justin Johnson 0-0: Swinging Strike
0-1: Ball
1-1: Called Strike
1-2: Ground out 6-3 (Groundball, 4M, EV 89.4 MPH)
Batting: RHB Jonathan Rosario 0-0: Ball
1-0: Foul Ball, location: 9LMF
1-1: Foul Ball, location: 25F
1-2: Ground out 3-1 (Groundball, 34, EV 97.5 MPH)
Bottom of the 6th over - 0 runs, 0 hits, 0 errors, 0 left on base; Lake Elsinore 1 - San Jose 5
TOP OF THE 7TH
Lake Elsinore Storm batting - Pitching for San Jose Giants : LHP Junior Elling
Batting: RHB Josh Peek 0-0: Ball
1-0: Fly out, F8 (Flyball, 8RM, EV 98.1 MPH)
Pitching: RHP Leon Lopez
Batting: LHB Ryan Alger 0-0: Ball
1-0: Foul Ball, location: 7LSF
1-1: Ground out 4-3 (Groundball, 4, EV 78.1 MPH)
Batting: LHB Scott Parks 0-0: Called Strike
0-1: Ball
1-1: Ball
2-1: Ball
3-1: Fly out, F8 (Flyball, 8LM, EV 86.3 MPH)
Top of the 7th over - 0 runs, 0 hits, 0 errors, 0 left on base; Lake Elsinore 1 - San Jose 5
BOTTOM OF THE 7TH
San Jose Giants batting - Pitching for Lake Elsinore Storm : RHP Jim Broyles
Batting: LHB Jeff Reed 0-0: Ball
1-0: Fly out, F6 (Popup, 56D, EV 58.8 MPH)
Batting: RHB Jonathan Marrazzo 0-0: Foul Ball, location: 2F
0-1: Ball
1-1: Foul Ball, location: 2F
1-2: Foul Ball, location: 9LSF
1-2: Ball
2-2: Ball
3-2: Base on Balls
Batting: RHB Campbell Ball 0-0: Ball
1-0: Swinging Strike
1-1: Called Strike
1-2: Strikes out swinging
Batting: RHB John Epley 0-0: Foul Ball, location: 2F
0-1: Ground out 4-3 (Groundball, 4, EV 84.4 MPH)
Bottom of the 7th over - 0 runs, 0 hits, 0 errors, 1 left on base; Lake Elsinore 1 - San Jose 5
TOP OF THE 8TH
Lake Elsinore Storm batting - Pitching for San Jose Giants : RHP Leon Lopez
Pitching: RHP Art Putman
Batting: RHB Rodger Kerkhof 0-0: Ball
1-0: Ball
2-0: Foul Ball, location: 5F
2-1: Swinging Strike
2-2: Strikes out looking
Batting: RHB Tony Martin 0-0: Ball
1-0: Ball
2-0: Foul Ball, location: 2F
2-1: Foul Ball, location: 2F
2-2: Strikes out swinging
Pinch Hitting: RHB Miguel Otero 0-0: Called Strike
0-1: Called Strike
0-2: Foul Ball, location: 2F
0-2: Strikes out swinging
Top of the 8th over - 0 runs, 0 hits, 0 errors, 0 left on base; Lake Elsinore 1 - San Jose 5
BOTTOM OF THE 8TH
San Jose Giants batting - Pitching for Lake Elsinore Storm : RHP Jim Broyles
Pitching: LHP Mike Creel
Now at 1B: Miguel Otero
Now at 2B: Ryan Perovic
Now at SS: Tony Martin
Batting: RHB Robby Preciado 0-0: Ball
1-0: Foul Ball, location: 25F
1-1: SOLO HOME RUN (Flyball, 7D, EV 97.5 MPH), Distance : 370 ft
Batting: RHB William Rodriguez 0-0: Ball
1-0: Ball
2-0: Ball
3-0: Base on Balls
Batting: SHB Bryan Edwards 0-0: Called Strike
William Rodriguez steals 2nd base
0-1: Called Strike
0-2: Ball
1-2: Foul Ball, location: 23F
1-2: Foul Ball, location: 2F
1-2: Foul Ball, location: 2F
1-2: Foul Ball, location: 23F
1-2: Ball
2-2: Fly out, F9 (Flyball, 9, EV 93.1 MPH)
Batting: LHB Justin Johnson 0-0: Called Strike
0-1: Called Strike
0-2: Foul Ball, location: 25F
0-2: Ball
1-2: Ball
2-2: Ball
3-2: Strikes out swinging
Batting: RHB Jonathan Rosario 0-0: Ball
1-0: Foul Ball, location: 2F
1-1: Swinging Strike
1-2: Strikes out swinging
Bottom of the 8th over - 1 run, 1 hit, 0 errors, 1 left on base; Lake Elsinore 1 - San Jose 6
TOP OF THE 9TH
Lake Elsinore Storm batting - Pitching for San Jose Giants : RHP Art Putman
Batting: LHB Jim Ponce 0-0: Ball
1-0: DOUBLE (Line Drive, 9LS, EV 107.5 MPH)
Batting: RHB Ryan Perovic 0-0: Ball
1-0: Foul Ball, location: 7LSF
1-1: Ball
2-1: Foul Ball, location: 3SF
2-2: Ball
3-2: Strikes out looking
Batting: SHB Nate Clark 0-0: Ball
1-0: Foul Ball, location: 9LSFF
1-1: Called Strike
1-2: Ground out 4-3 (Groundball, 4, EV 110.6 MPH)
Jim Ponce to third
Batting: RHB Josh Peek 0-0: Called Strike
0-1: Called Strike
0-2: Strikes out looking
Top of the 9th over - 0 runs, 1 hit, 0 errors, 1 left on base; Lake Elsinore 1 - San Jose 6
Sunday, May 12th , 2024 - OOTP Baseball 24.11 Build 85